AoeStats
← NDF

Arabia

507170481Analyzed
1v1 RM · 14d ago on Sep 17, 2026· 35m 8s· 2 players
Game mode
Random Map
Map size
Tiny (2 player)
Population
200
Speed
Normal
Resources
Standard
Victory
Conquest
Starting age
Dark Age
Ending age
Imperial Age
RankedLock teamsTeams togetherTeam positionsShared explorationLock speedFull tech treeHidden civsTurbo modeCheats
Victory
Defeat
🇦🇷 Teutons · Argentina
559
+17
🇨🇳 Teutons · China
576
-17
NDF
3:18 Loom
12:22 Feudal Age
12:49 Man-at-Arms
20:45 Castle Age
18:33 Horse Collar
19:28 Arson
19:33 Double-Bit Axe
20:26 Gold Mining
20:32 Stone Mining
21:22 Crossbowman
23:53 Padded Archer Armor
23:44 Fletching
crazypig
10:45 Feudal Age
11:39 Double-Bit Axe
17:59 Horse Collar
20:26 Castle Age
20:00 Forging
19:54 Scale Mail Armor
21:11 Arson
21:30 Squires
21:50 Bow Saw
21:42 Heavy Plow
23:53 Fervor
25:40 Bloodlines
27:13 Iron Casting
26:45 Scale Barding Armor
26:56 Chain Mail Armor
Connection lost

Rejoining the realm…

Still unreachable

The connection could not be restored.

Session expired

The server has moved on; the page needs a fresh start.